 Dungeon Crawl Stone Soup version 0.19.0-18-g426998a (webtiles) character file.

253 dysrexia the Sneak (level 5, 0/27 HPs)
             Began as a Spriggan Monk on Nov 11, 2016.
             Killed from afar by an orc wizard (7 damage)
             ... with a puff of flame
             ... on level 4 of the Dungeon.
             The game lasted 00:13:00 (3908 turns).

dysrexia the Sneak (Spriggan Monk)                  Turns: 3908, Time: 00:13:01

Health: 0/27       AC:  3    Str:  7    XL:     5   Next: 90%
Magic:  6/6        EV: 20    Int: 11    God:
Gold:   245        SH:  0    Dex: 20    Spells: 0 memorised, 4 levels left

rFire  . . .     SeeInvis +     m - +0 blowgun
rCold  . . .     Gourm    .     b - +0 robe
rNeg   . . .     Faith    .     (shield restricted)
rPois  .         Spirit   .     (helmet restricted)
rElec  .         Reflect  .     d - +0 cloak
rCorr  .         Harm     .     (gloves unavailable)
MR     .....                    (boots unavailable)
Stlth  ++++......               (no amulet)
                                (no ring)
                                (no ring)

@: drained, very quick
A: unfitting armour, see invisible, herbivore 3, speed 3, slow metabolism 2
a: no special abilities


You were on level 4 of the Dungeon.
You were full.

You visited 1 branch of the dungeon, and saw 4 of its levels.

You collected 245 gold pieces.

Inventory:

Hand Weapons
 a - a +0 short sword
 m - a +0 blowgun (weapon)
Missiles
 i - 6 poisoned needles (quivered)
Armour
 b - a +0 robe (worn)
 d - a +0 cloak (worn)
Jewellery
 o - an uncursed amulet of the gourmand {unknown}
Scrolls
 c - a scroll of enchant weapon {unknown}
 f - a scroll of fear
 h - 3 scrolls of remove curse
 l - a scroll of amnesia
 p - 2 scrolls of fog {unknown}
Potions
 e - a potion of brilliance
 g - a potion of cancellation {unknown}
 j - a potion of curing {unknown}
 k - a potion of haste {unknown}
 n - a potion of magic {unknown}


   Skills:
 - Level 2.4(2.1) Fighting
 * Level 6.2(5.9) Short Blades
 - Level 4.4(4.1) Dodging
 + Level 6.3(6.0) Stealth


You had 4 spell levels left.
You didn't know any spells.

Dungeon Overview and Level Annotations

Branches:
Dungeon (4/15)
 Temple: D:4-7

Altars:
Gozag
Yredelemnul

Annotations:
D:3 esc's ghost, amateur MiCK


Innate Abilities, Weirdness & Mutations

You are very small and have problems with some larger weapons.
You are too small for most types of armour.
You have supernaturally acute eyesight. (SInv)
You are a herbivore.
You cover ground extremely quickly.
You need consume almost no food.


Message History

The orc wizard looks even sicker.
The orc wizard is lightly wounded.
The orc shouts!
Firing (i - inventory):
i - 8 poisoned needles (quivered)
Press: ? - help, Shift-Dir - straight line, f/p - orc wizard
Aim: an orc wizard, wielding a dagger and wearing a robe (lightly wounded, poisoned)
You shoot a poisoned needle.
The poisoned needle hits the orc wizard.
The orc wizard is lightly wounded.
Firing (i - inventory):
i - 7 poisoned needles (quivered)
Press: ? - help, Shift-Dir - straight line, f/p - orc wizard
Aim: an orc wizard, wielding a dagger and wearing a robe (lightly wounded, poisoned)
You shoot a poisoned needle.
The poisoned needle closely misses the orc wizard.
The orc shouts!
The orc wizard points at you and mumbles some strange words.
The puff of frost misses you.
The orc wizard points at you and mumbles some strange words.
The puff of flame hits you!
You die...

####### #....#....
#....#.... #######
#############....
..........##.............##.
...$......##...(..o......##.
..........##.....(((.(((.†(.
..........##...oo........###
..........##.†......((...###
...........@........##......
....................##......
....................##..†...
..........############......
..........# #......
$.........# #......
..........# #......
..........# #......
########### #######


You could see an orc wizard and 2 orcs.

Vanquished Creatures
  An iguana (D:4)
  A worker ant (D:4)
  4 gnolls
  6 adders
  A worm (D:4)
  5 dart slugs
  5 leopard geckos
  8 orcs
  8 giant cockroaches
  10 hobgoblins
  4 jackals (D:2)
  4 kobolds
  2 quokkas
  6 bats
  3 frilled lizards
  2 gnoll zombies (D:2)
  8 goblins
  A leopard gecko skeleton (D:4)
  6 rats
85 creatures vanquished.

Notes
Turn   | Place    | Note
-------+----------+-------------------------------------------
     0 | D:1      | dysrexia the Spriggan Monk began the quest for the Orb.
     0 | D:1      | Reached XP level 1. HP: 11/11 MP: 2/2
   178 | D:1      | Reached XP level 2. HP: 15/16 MP: 3/3
   781 | D:2      | Reached XP level 3. HP: 19/19 MP: 4/4
  1487 | D:2      | Found a basalt altar of Yredelemnul.
  1613 | D:3      | Noticed esc's ghost (amateur MiCK)
  1672 | D:2      | Reached XP level 4. HP: 23/23 MP: 5/5
  1893 | D:3      | Reached skill level 5 in Stealth
  2136 | D:3      | Reached skill level 5 in Short Blades
  2205 | D:3      | Found an opulent altar of Gozag.
  2396 | D:3      | Reached XP level 5. HP: 18/27 MP: 6/6
  3908 | D:4      | Killed from afar by an orc wizard

Skill      XL: |  1  2  3  4  5 |
---------------+----------------+-----
Stealth        | 4 5 6 |  6.3
Short Blades   | 4 5 6 |  6.2
Fighting       | |  2.4
Dodging        | |  4.4

Action                   |  1- 3 |  4- 6 || total
-------------------------+-------+-------++-------
Melee: Short sword       |   138 |   216 ||   354
 Fire: Blowgun           |       |    28 ||    28
  Use: Scroll            |       |     7 ||     7
 Stab: Sleeping          |    14 |     9 ||    23
       Distracted        |     1 |     1 ||     2
  Eat: Bread ration      |       |     1 ||     1
Armor: Robe              |     5 |    11 ||    16
Dodge: Dodged            |    98 |   160 ||   258
